 Dungeon Crawl Stone Soup version 0.29-a0-214-g17f627cfee (webtiles) character file.

Game seed: 5601421580690879636

37 mcwallace the Caller (level 3, -5/23 HPs)
             Began as an Octopode Summoner on Feb 24, 2022.
             Slain by a phantom (7 damage)
             ... on level 2 of the Dungeon.
             The game lasted 00:03:03 (2185 turns).

mcwallace the Caller (Octopode Summoner)            Turns: 2185, Time: 00:03:03

Health: -5/23      AC:  1    Str:  7    XL:     3   Next: 41%
Magic:  6/6        EV: 13    Int: 19    God:
Gold:   162        SH:  0    Dex: 12    Spells: 2/6 levels left

rFire   . . .      SeeInvis .   h - +1 falchion (vorpal) {long}
rCold   . . .      Faith    .   (no shield)
rNeg    . . .      Spirit   .   (helmet restricted)
rPois   .          Reflect  .   (no amulet)
rElec   .          Harm     .   (no ring)
rCorr   .          Rampage  .   (no ring)
Will    .....                   (no ring)
Stlth   +++.......              (no ring)
HPRegen 0.07/turn               (no ring)
MPRegen 0.10/turn               (no ring)
                                (no ring)
                                (no ring)

@: no status effects
A: almost no armour, amphibious, 8 rings, camouflage 1, gelatinous body 1,
(nimble swimmer 1), tentacles
a: no special abilities


You were on level 2 of the Dungeon.
You visited 1 branch of the dungeon, and saw 2 of its levels.

You collected 162 gold pieces.


Innate Abilities, Weirdness & Mutations

You cannot wear most types of armour.
You are amphibious.
You can wear up to eight rings at the same time.
Your skin changes colour to match your surroundings (Stealth+).
Your rubbery body absorbs attacks. (AC +1, EV +1)
((You are camouflaged when in or above water. (Stealth+)))
You have tentacles for arms and can constrict up to eight enemies at once.


   Skills:
 + Level 1.0 Fighting
 + Level 2.4 Dodging
 + Level 3.3 Stealth
 + Level 2.3 Spellcasting
 + Level 4.2 Summonings


You had 2 spell levels left.
You knew the following spells:

 Your Spells              Type           Power      Damage    Failure   Level
a - Summon Small Mammal   Summ           72%        N/A       3%          1
b - Call Canine Familiar  Summ           18%        N/A       9%          3

Your spell library contained the following spells:

 Spells                   Type           Power      Damage    Failure   Level
 Call Imp                 Summ           18%        N/A       4%          2
 Summon Guardian Golem    Hex/Summ       10%        N/A       21%         3
 Summon Lightning Spire   Summ/Air       10%        N/A       56%         4
 Blade Hands              Tmut           1%         N/A       99%         5
 Irradiate                Conj/Tmut      1%         3d13      99%         5
 Dragon Form              Tmut           1%         N/A       100%        7

Inventory:

Hand Weapons
 c - a +0 spear {polearm}
   (You found it on level 1 of the Dungeon)
 h - a +1 vorpal falchion (weapon) {long}
   (You found it on level 2 of the Dungeon)
 i - a +0 lajatang {staff}
   (You found it on level 2 of the Dungeon)
Missiles
 a - 36 stones {throwing}
Scrolls
 d - a scroll of summoning {unknown}
 e - a scroll of enchant weapon {unknown}
 g - a scroll of magic mapping {unknown}
 k - a scroll of teleportation {unknown}
 l - a scroll of holy word {unknown}
Potions
 b - a potion of might {unknown}
 f - 2 potions of degeneration {unknown}
 j - a potion of mutation {unknown}

Dungeon Overview and Level Annotations

Branches:
Dungeon (2/15)

Altars:

# ... ..# .# ##.#..#
###.###.# #.###.## ##.#..#
........#####.##...###.....#
#........#.....##...###
##.##...........#...#
#ยง##...............#
#.r............#...#
####.W........##...#
#..@<.#.........#
###..#######....#### #..#
### #........ #######โ€
.###.#####..###.
.........##...## #..###.
######.##.....###......
#.............###.
####.....###### ##...##


You could see a phantom (ally target) and a friendly quokka (summoned).


Message History

๐Ÿ˜Ž MP[-1]
You lost 1 mp, and now have 5/6 mp.
Your bat disappears in a puff of smoke! ๐Ÿ˜Ž MP[-1]
You lost 1 mp, and now have 4/6 mp.
Found a stone staircase leading up.
The adder hisses angrily.
The adder barely misses your rat.
Your rat completely misses the adder.
The adder bites you.
Your rat barely misses the adder. ๐Ÿ˜• HP[-1]
You take 1 damage, and now have 22/23 hp.
You hit the adder. You grab the adder. You constrict the adder.
The adder bites you. x2; Your rat bites the adder.
The adder dies! ๐Ÿ˜ฎ HP[-5]
You take 5 damage, and now have 17/23 hp.
MASSIVE DAMAGE!! (PAUSE)
Your rat disappears in a puff of smoke!
Your quokka disappears in a puff of smoke!
There is a stone staircase leading up here.
You now have 162 gold pieces (gained 14).
A phantom comes into view. ๐Ÿ˜Ž HP[+6] MP[+2]
Your hp is fully restored (23).
Your mp is fully restored (6). ๐Ÿ˜Ž MP[-1]
You lost 1 mp, and now have 5/6 mp. ๐Ÿ˜Ž MP[-1]
You lost 1 mp, and now have 4/6 mp.
You swap places.
The phantom completely misses your quokka.
Your quokka barely misses the phantom.
Your quokka completely misses the phantom.
What are your orders? t - Shout!
Orders for allies: a - Attack new target. r - Retreat! s - Stop attacking. g - Guard the area. f - Follow me.
Anything else - Cancel.
Gang up on whom?
Press: ? - help, Dir - move target, f - phantom
Aim: a phantom (ally target) Attack!
Your quokka misses the phantom. The phantom hits your quokka.
The phantom blinks!
Your quokka blinks!
Your quokka misses the phantom. The phantom misses your quokka.
Your quokka bites the phantom.
Your quokka bites the phantom but does no damage.
The phantom hits your quokka. ๐Ÿ˜Ž MP[+1]
You swap places.
What are your orders? t - Shout!
Orders for allies: a - Attack new target. p - Attack previous target. r - Retreat! s - Stop attacking. g - Guard the area. f - Follow me.
Anything else - Cancel.
Gang up on whom?
Press: ? - help, Dir - move target, f/p - phantom
Aim: a phantom (lightly damaged) Attack!
Your quokka barely misses the phantom.
Your quokka bites the phantom.
The phantom hits your quokka!
Your quokka dies!
Your quokka's corpse disappears in a puff of smoke!
Your quokka bites the phantom.
Your quokka bites the phantom but does no damage.
You barely miss the phantom.
Your quokka completely misses the phantom.
The phantom hits you. ๐Ÿ˜• HP[-5]
You take 5 damage, and now have 18/23 hp.
MASSIVE DAMAGE!! (PAUSE)
You barely miss the phantom. Your quokka misses the phantom.
The phantom barely misses you.
Your quokka bites the phantom.
The phantom hits you. ๐Ÿ˜ฎ HP[-1]
You take 1 damage, and now have 17/23 hp.
You hit the phantom but do no damage. You squeeze the phantom.
Your quokka barely misses the phantom.
The phantom misses you.
Your quokka misses the phantom. You barely miss the phantom.
The phantom hits you.
* * * LOW HITPOINT WARNING * * *
Your quokka bites the phantom but does no damage. ๐Ÿ˜จ HP[-6]
You take 6 damage, and now have 11/23 hp.
MASSIVE DAMAGE!! (PAUSE)
You hit the phantom. Your squeeze misses the phantom.
Your quokka bites the phantom.
The phantom misses you.
Your quokka bites the phantom.
The phantom hits you but does no damage.
You slash the phantom!
Your quokka barely misses the phantom.
The phantom hits you!
* * * LOW HITPOINT WARNING * * *
The phantom blinks!
You blink. ๐Ÿ˜ฑ HP[-9] MP[+1]
You take 9 damage, and now have 2/23 hp.
MASSIVE DAMAGE!! (PAUSE)
Your mp is fully restored (6).
You hit the phantom. The phantom hits you!
You die...

Skill      XL: |  1  2  3 |
---------------+----------+-----
Stealth        | 3 |  3.3
Fighting       | 1 |  1.0
Dodging        | |  2.4
Spellcasting   | |  2.3
Summonings     | |  4.2

Action                   || total
-------------------------++-------
Melee: Spear             ||    17
       Unarmed           ||     1
       Constrict         ||    10
       Falchion          ||    19
       Tentacles         ||     5
 Cast: Summon Small Mamm ||    40
Armor: Skin              ||     6
Dodge: Dodged            ||    28

Levels and vault maps discovered:
D:1:      dpeg_arrival_pits, layout_loops_ring,
          shapermc_ecumenical_altar_mp_highgroup
D:2:      minmay_chambers_of_twos, layout_loops_ring, uniq_natasha,
          uniq_crazy_yiuf_cottage

Notes
Turn   | Place    | Note
-------+----------+-------------------------------------------
     0 | D:1      | mcwallace the Octopode Summoner began the quest for the
                  | Orb.
     0 | D:1      | Reached XP level 1. HP: 11/11 MP: 3/3
     0 | D:1      | magus.rc [v1.9.6]
   487 | D:1      | You pick up a book of Transfigurations {@e2} and begin
                  | reading...
   487 | D:1      | You add the spells Irradiate, Blade Hands and Dragon Form
                  | to your library.
   523 | D:1      | Found a faded altar of an unknown god.
   538 | D:1      | Reached XP level 2. HP: 16/18 MP: 0/5
   689 | D:1      | Reached skill level 3 in Stealth
  1697 | D:2      | Reached XP level 3. HP: 8/22 MP: 3/6
  1699 | D:2      | HP: 4/22 [jackal (2)]
  1951 | D:2      | Learned a level 3 spell: Call Canine Familiar
  2037 | D:2      | Reached skill level 1 in Fighting
  2165 | D:2      | Noticed a phantom
  2184 | D:2      | HP: 2/23 [phantom (9)]
  2185 | D:2      | Slain by a phantom

Vanquished Creatures
  An endoplasm (D:2)
  A goblin (D:2)
  2 hobgoblins (D:2)
  3 jackals (D:2)
  A quokka (D:2)
  2 bats (D:2)
  5 kobolds
15 creatures vanquished.

Vanquished Creatures (collateral kills)
  An adder (D:2)
  A dart slug (D:1)
  A hobgoblin (D:1)
  3 frilled lizards
  A goblin (D:1)
  A kobold (D:1)
  4 rats
12 creatures vanquished.

Vanquished Creatures (others)
  2 fungi (D:2)
2 creatures vanquished.

Grand Total: 29 creatures vanquished

Table legend:
 A = Non-vault XP
 B = Vault XP
 C = Vault XP percentage of total XP
 D = Non-vault monster count
 E = Vault monster count
 F = Vault count percentage of total count
                 A         B        C        D         E       F
            +---------+---------+-------+---------+---------+-------
      Total |      40 |      14 |  25.9 |      19 |       8 |  29.6
            +---------+---------+-------+---------+---------+-------
        D:1 |      15 |       0 |   0.0 |      11 |       0 |   0.0
        D:2 |      25 |      14 |  35.9 |       8 |       8 |  50.0
            +---------+---------+-------+---------+---------+-------

Illustrated notes

Table legend:
 A = Kills in this place as a percentage of kills in entire the game.
 B = Kills by you in this place as a percentage of kills by you in the entire game.
 C = Kills by friends in this place as a percentage of kills by friends in the entire game.
 D = Other kills in this place as a percentage of other kills in the entire game.
 E = Experience gained in this place as a percentage of experience gained in the entire game.
 F = Experience gained in this place divided by the number of levels of this place that you have seen.
                   A       B       C       D       E      F
               +-------+-------+-------+-------+-------+----------------------
         Total | 100.0 | 100.0 | 100.0 |   N/A | 100.0 |  27.0
       Dungeon | 100.0 | 100.0 | 100.0 |   N/A | 100.0 |  27.0
               +-------+-------+-------+-------+-------+----------------------

Table legend: (Time is in decaauts)
 A = Elapsed time spent in this place.
 B = Non-inter-level travel time spent in this place.
 C = Inter-level travel time spent in this place.
 D = Time resting spent in this place.
 E = Time spent auto-exploring this place.
 F = Levels seen in this place.
 G = Mean time per level.
                   A        B        C        D        E       F      G
               +--------+--------+--------+--------+--------+-----+--------+
         Total |   2190 |   2173 |     17 |    244 |   1648 |   2 | 1095.0 |
       Dungeon |   2190 |   2173 |     17 |    244 |   1648 |   2 | 1095.0 |
               +--------+--------+--------+--------+--------+-----+--------+

Top non-repeatable levels by time:
     D:2: 1120 daAuts
     D:1: 1070 daAuts
